Map: Beckett Industries LE

Players

Damien

  • Race: Zerg Zerg
  • League: Diamond

llllIIIlllII - Winner!

  • Race: Protoss Protoss
  • League: Diamond

VOD

Have the link to the VOD?

Description

Time

  • Played on: Oct. 19, 2021, 2:22 p.m.
  • Length: 11:58
Show
View Real Time Build Order
Export as new Build Order

Damien Zerg 

Build Orders: Pool First 

Get SALT Encoding   

  12  0:01  Drone  
  13  0:23  Spawning Pool  
  13  0:26  Drone  
  13  0:30  Drone  
  14  0:41  Extractor  
  13  0:42  Overlord  
  13  0:46  Drone  
  14  1:10  Zergling x6  
  17  1:12  Queen  
  19  1:22  Zergling x2  
  20  1:32  Zergling x2  
  21  1:48  Zergling x2  
  22  2:01  Hatchery  
  21  2:05  Zergling x2  
  21  2:17  Zergling x2  
  21  2:22  Zergling x2  
  21  2:32  Lair  
  21  2:35  Drone  
  21  2:44  Overlord  
  21  2:55  Extractor  
  21  2:56  Drone  
  21  3:02  Drone x2  
  23  3:09  Drone x2  
  25  3:25  Overlord  
  25  3:26  Zergling x2  
  26  3:31  Drone  
  27  3:45  Drone  
  28  3:50  Drone x2, Nydus Network  
  28  3:53  Drone x3  
  32  4:15  Zergling x2  
  32  4:16  Overlord  
  33  4:29  Nydus Canal  
  33  4:35  Drone  
  34  4:39  Infestation Pit  
  34  4:41  Zergling x2  
  34  4:42  Zergling x4  
  36  4:48  Metabolic Boost  
  35  4:58  Zergling x2  
  34  5:00  Queen  
  29  5:17  Drone x3  
  32  5:21  Nydus Canal  
  32  5:28  Drone  
  33  5:36  Spore Crawler, Queen  
  34  5:45  Overseer  
  34  5:56  Hydralisk Den  
  33  5:57  Overlord  
  33  6:06  Spore Crawler  
  32  6:13  Spore Crawler  
  32  6:17  Overlord  
  31  6:20  Pneumatized Carapace  
  31  6:21  Overseer  
  31  6:30  Overlord x2  
  31  6:39  Spore Crawler  
  30  6:42  Muscular Augments  
  29  6:58  Spore Crawler  
  29  7:00  Hydralisk  
  30  7:01  Hydralisk  
  30  7:03  Queen  
  34  7:17  Hydralisk  
  34  7:20  Overlord  
  36  7:25  Overseer  
  36  7:30  Overlord  
  36  7:31  Hydralisk  
  36  7:36  Hydralisk  
  40  7:48  Hydralisk  
  40  7:50  Hydralisk  
  44  8:03  Nydus Canal  
  44  8:05  Hydralisk  
  46  8:19  Hydralisk  
  46  8:21  Hydralisk  
  46  8:25  Grooved Spines  
  50  8:39  Nydus Canal  
  50  8:44  Overseer  
  50  9:00  Overlord  
  49  9:04  Hydralisk  
  51  9:16  Overseer  
  51  9:23  Hydralisk  
  51  9:24  Hydralisk x2  
  54  9:56  Hydralisk x3  
  60  10:05  Overseer  
  60  10:16  Nydus Canal  
  60  10:22  Hydralisk  
  50  10:48  Hatchery  
  45  10:58  Nydus Canal  
  45  11:08  Hydralisk x2  
  49  11:14  Overseer  
Show
View Real Time Build Order
Export as new Build Order

llllIIIlllII Protoss - Winner!

Build Orders:  

Get SALT Encoding   

  12  0:01  Probe (Chrono Boost)  
  13  0:12  Probe (Chrono Boost)  
  14  0:23  Probe, Pylon  
  15  0:36  Assimilator  
  15  0:41  Probe  
  16  0:53  Probe  
  16  0:54  Gateway  
  17  1:01  Forge  
  17  1:08  Probe  
  18  1:20  Probe  
  19  1:34  Probe  
  20  1:43  Photon Cannon  
  20  1:45  Cybernetics Core  
  20  1:46  Probe (Chrono Boost)  
  21  1:48  Pylon  
  21  1:52  Assimilator  
  21  1:54  Assimilator  
  21  1:58  Probe (Chrono Boost)  
  22  2:08  Gateway  
  22  2:11  Pylon  
  22  2:19  Pylon  
  21  2:38  Pylon  
  21  2:43  Pylon  
  21  2:51  Pylon  
  21  3:09  Photon Cannon  
  21  3:10  Photon Cannon  
  21  3:13  Photon Cannon  
  21  3:20  Pylon  
  21  3:25  Probe (Chrono Boost)  
  22  3:33  Pylon  
  22  3:45  Stargate  
  22  3:52  Stargate  
  22  4:05  Photon Cannon  
  22  4:08  Probe  
  23  4:25  Void Ray (Chrono Boost)  
  27  4:37  Void Ray (Chrono Boost)  
  31  4:46  Shield Battery  
  31  4:58  Pylon  
  31  5:05  Photon Cannon  
  31  5:10  Void Ray  
  31  5:18  Probe  
  36  5:34  Shield Battery  
  36  5:35  Void Ray  
  40  5:54  Pylon  
  40  6:15  Void Ray x2  
  48  6:54  Nexus  
  48  7:14  Fleet Beacon  
  48  7:34  Photon Cannon x2  
  48  7:40  Stargate  
  48  8:02  Tempest  
  53  8:08  Probe x2  
  55  8:20  Probe  
  56  8:32  Shield Battery, Tempest  
  56  8:33  Pylon  
  61  8:37  Probe x2  
  63  8:49  Probe  
  63  8:53  Pylon  
  64  9:07  Tempest (Chrono Boost)  
  69  9:20  Probe x2  
  69  9:22  Assimilator  
  71  9:24  Assimilator  
  71  9:32  Probe  
  71  9:34  Tempest (Chrono Boost)  
  77  9:40  Probe  
  77  9:44  Probe  
  79  9:53  Probe  
  79  9:56  Probe  
  85  10:10  Probe, Photon Cannon  
  86  10:18  Carrier  
  92  10:50  Carrier  
  92  10:59  Probe  
  93  11:11  Probe  
Tags
 
Add a new tag
Caveats
  • Supply blocks, unpowered buildings, or Contaminate may cause inaccurate times.
  • Supply counts are checked every 10 seconds.